 Dungeon Crawl Stone Soup version 0.23-a0-303-gfcac5de (webtiles) character file.

6 tsouns the Skirmisher (level 1, -1/18 HPs)
             Began as an Octopode Wanderer on Oct 8, 2018.
             Slain by a hobgoblin
             ... wielding a +0 club
              (6 damage)
             ... on level 1 of the Dungeon.
             The game lasted 00:00:38 (57 turns).

tsouns the Skirmisher (Octopode Wanderer)             Turns: 57, Time: 00:00:39

Health: -1/18      AC:  1    Str:  9    XL:     1   Next: 90%
Magic:  1/1        EV: 12    Int: 13    God:
Gold:   0          SH:  0    Dex: 14    Spells: 0/0 levels left

rFire    . . .     SeeInvis .   a - +2 hand axe
rCold    . . .     Gourm    .   (no shield)
rNeg     . . .     Faith    .   (helmet restricted)
rPois    .         Spirit   .   (no amulet)
rElec    .         Reflect  .   (no ring)
rCorr    .         Harm     .   (no ring)
MR       .....                  (no ring)
Stlth    +++.......             (no ring)
HPRegen  0.06/turn              (no ring)
MPRegen  0.07/turn              (no ring)
                                (no ring)
                                (no ring)

@: no status effects
A: almost no armour, stealthy swim, amphibious, 8 rings, constrict 8, camouflage
1, gelatinous body 1
a: no special abilities


You were on level 1 of the Dungeon.
You were not hungry.

You visited 1 branch of the dungeon, and saw 1 of its levels.

Inventory:

Hand Weapons
 a - a +2 hand axe (weapon)
 b - a +0 hand crossbow
Missiles
 c - 27 bolts
Armour
 e - a +0 shield
Potions
 d - a potion of curing
Comestibles
 f - a ration
 g - 2 chunks of flesh


   Skills:
 + Level 5.1 Fighting
   Level 1.0 Long Blades
 + Level 2.1 Axes
 + Level 1.9 Stealth
 - Level 1.0 Shields


You couldn't memorise any spells.
You didn't know any spells.
Your spell library was empty.

Dungeon Overview and Level Annotations

Branches:
Dungeon (1/15)

Altars:


Innate Abilities, Weirdness & Mutations

You cannot wear most types of armour.
You are very stealthy in the water. (Stealth+)
You are amphibious.
You can wear up to eight rings at the same time.
You can use your tentacles to constrict eight enemies at once.
Your skin changes colour to match your surroundings (Stealth+).
Your rubbery body absorbs attacks. (AC +1, EV +1)


Message History

You kill the bat!
You closely miss the hobgoblin. The hobgoblin hits you with a club.
You are too injured to fight recklessly!
You are too injured to fight recklessly!
You are too injured to fight recklessly!
You hit the bat. You grab the bat.
The bat is severely wounded.
You closely miss the hobgoblin. You constrict the bat.
You kill the bat!
The hobgoblin hits you with a club. The hobgoblin hits you with a club.
* * * LOW HITPOINT WARNING * * *
You see here a bat corpse.
You barely miss the hobgoblin. You grab the hobgoblin.
You constrict the hobgoblin. The hobgoblin barely misses you.
You hit the hobgoblin.
The hobgoblin is severely wounded.
You constrict the hobgoblin, but do no damage.
The hobgoblin hits you with a club.
You die...

.#...### ......###
........ ....... #....#
#....# #....# #@g..##..
#....##......
.#+#####............
.......#............
.......#..........#######
.........?..#............
........#####.........)..
............)..#........#
...............#.....####


You could see a hobgoblin.

Vanquished Creatures
  A leopard gecko (D:1)
  A goblin (D:1)
  3 bats (D:1)
  A rat (D:1)
6 creatures vanquished.

Notes
Turn   | Place    | Note
-------+----------+-------------------------------------------
     0 | D:1      | tsouns the Octopode Wanderer began the quest for the Orb.
     0 | D:1      | tsouns set off with: a +2 hand axe, a +0 hand crossbow, 27
                  | bolts, a potion of curing, a ration
     0 | D:1      | Reached XP level 1. HP: 18/18 MP: 1/1
    57 | D:1      | Slain by a hobgoblin

Vault maps used:
D:1:      minmay_arrival_cross, tso_altar

Action                   || total
-------------------------++-------
Melee: Hand axe          ||    11
       Constrict         ||     4
 Stab: Sleeping          ||     3
Dodge: Dodged            ||     2

Table legend:
 A = Non-vault XP
 B = Vault XP
 C = Vault XP percentage of total XP
 D = Non-vault monster count
 E = Vault monster count
 F = Vault count percentage of total count
                 A         B        C        D         E       F
            +---------+---------+-------+---------+---------+-------
      Total |       9 |       0 |   0.0 |       6 |       0 |   0.0
            +---------+---------+-------+---------+---------+-------
        D:1 |       9 |       0 |   0.0 |       6 |       0 |   0.0
            +---------+---------+-------+---------+---------+-------
